AoeStats
← Lord_Wilfredo

Arabia

508796270Analyzed
4v4 RM · 8d ago on Sep 24, 2026· 26m 27s· 8 players
Game mode
Random Map
Map size
Large (8 player)
Population
200
Speed
Normal
Resources
Standard
Victory
Conquest
Starting age
Dark Age
Ending age
Imperial Age
RankedLock teamsTeams togetherTeam positionsShared explorationLock speedFull tech treeHidden civsTurbo modeCheats
Victory
Defeat
🇺🇸 Britons · United States
1452
+13
🇨🇦 Saxons · Canada
1430
+14
🇨🇳 Franks · China
1355
+17
🇨🇦 Ethiopians · Canada
1318
+20
🇵🇪 Spanish · Peru
1462
-19
🇵🇪 Britons · Peru
1403
-17
🇦🇷 Mongols · Argentina
1372
-15
🇵🇪 Franks · Peru
1307
-13
MZTK | Lenz
6:28 Loom
9:11 Feudal Age
14:22 Fletching
16:44 Padded Archer Armor
brachigol
6:39 Loom
8:58 Feudal Age
9:58 Double-Bit Axe
9:55 Horse Collar
17:03 Forging
22:58 Castle Age
lcastillov22
4:48 Loom
10:00 Feudal Age
10:47 Double-Bit Axe
12:58 Wheelbarrow
18:47 Forging
18:43 Scale Barding Armor
27:44 Castle Age
Lord_Wilfredo
6:20 Loom
8:54 Feudal Age
9:30 Double-Bit Axe
17:04 Fletching
19:43 Wheelbarrow
22:20 Bloodlines
Leo713
6:07 Loom
9:21 Feudal Age
10:32 Double-Bit Axe
13:15 Fletching
17:46 Padded Archer Armor
25:15 Castle Age
23:22 Gold Mining
25:16 Crossbowman
25:56 Bodkin Arrow
old man
6:44 Loom
9:07 Feudal Age
9:46 Double-Bit Axe
17:51 Fletching
20:01 Forging
19:51 Padded Archer Armor
22:00 Horse Collar
24:06 Arson
28:24 Castle Age
26:28 Scale Mail Armor
26:43 Gold Mining
jichuo
6:43 Loom
9:15 Feudal Age
10:38 Double-Bit Axe
21:59 Castle Age
20:33 Gold Mining
21:27 Stone Mining
23:08 Scale Barding Armor
23:14 Forging
23:43 Wheelbarrow
23:57 Town Watch
26:23 Iron Casting
26:10 Chain Barding Armor
剧终
6:35 Loom
9:09 Feudal Age
10:24 Double-Bit Axe
10:47 Horse Collar
11:04 Horse Collar
16:06 Scale Barding Armor
17:30 Forging
18:36 Bloodlines
23:12 Castle Age
21:11 Gold Mining
22:27 Wheelbarrow
23:15 Light Cavalry
23:57 Husbandry
24:18 Chain Barding Armor
25:21 Iron Casting
26:27 Bow Saw
Connection lost

Rejoining the realm…

Still unreachable

The connection could not be restored.

Session expired

The server has moved on; the page needs a fresh start.